 Dungeon Sprint DCSS version 0.30-a0-304-gdc4b735fe1 (webtiles) character file.

Game seed: 16466377183721390261

7024 NinjaNoafa the Spry (level 10, -3/101 HPs)
             Began as a Minotaur Fighter on Oct 20, 2022.
             Was a Follower of Uskayaw.
             Slain by Frances
             ... wielding a +2 war axe of holy wrath
              (10 damage)
             ... in the Dungeon (Sprint III: "The Ten Rune Challenge").
             The game lasted 00:07:41 (1985 turns).

NinjaNoafa the Spry (Minotaur Fighter)              Turns: 1985, Time: 00:07:41

Health: -3/101     AC:  5    Str: 28    XL:     10   Next: 82%
Magic:  15/18      EV: 15    Int:  4    God:    Uskayaw [*.....]
Gold:   1724       SH:  5    Dex: 10    Spells: 9/9 levels left

rFire   . . .      SeeInvis +    a - +0 flail
rCold   . . .      Faith    .    c - +0 buckler
rNeg    . . .      Spirit   .    b - +0 scale mail
rPois   .          Reflect  .    (helmet restricted)
rElec   .          Harm     .    l - +0 cloak
rCorr   .          Rampage  .    (no gloves)
Will    .....      NoTele   +    (no boots)
Stlth   ..........               (no amulet)
HPRegen 0.36/turn                (no ring)
MPRegen 0.16/turn                (no ring)

@: corroded, slowed, very slow
A: horns 2, retaliatory headbutt, see invisible, deterioration 1, strong 1,
evolution 1, MP-powered wands
a: Renounce Religion, Stomp


You were in the Dungeon.
You worshipped Uskayaw.
Uskayaw was pleased with you.
You visited 1 branch You collected 1724 gold pieces.

Inventory:

Hand Weapons
 a - a +0 flail (weapon)
Armour
 b - a +0 scale mail (worn)
 c - a +0 buckler (worn)
 l - a +0 cloak (worn)
Scrolls
 j - a scroll of blinking
 m - 2 scrolls of poison {unknown}
 n - 2 scrolls of identify {unknown}
Potions
 e - a potion of curing
 h - 2 potions of magic
Miscellaneous
 d - a condenser vane


   Skills:
 + Level 13.1 Fighting
 - Level 15.0 Maces & Flails
 - Level 9.0 Armour
 - Level 15.8 Dodging
 - Level 5.0 Shields
 - Level 13.0 Invocations


You had 9 spell levels left.
You didn't know any spells.
Your spell library contained the following spells:

 Spells                   Type           Power      Damage    Failure   Level
 Gell's Gravitas          Tloc           0%         N/A       99%         3
 Lesser Beckoning         Tloc           0%         N/A       99%         3
 Teleport Other           Tloc           0%         N/A       99%         3


Dungeon Overview and Level Annotations

Branches:
Dungeon (1/1)

Altars:
Cheibriados
Dithmenos
Elyvilon
Fedhas
Gozag
Hepliaklqana
Kikubaaqudgha
Makhleb
Nemelex Xobeh
Okawaru
Qazlal
Ru
Sif Muna
Trog
Uskayaw
Vehumet
Wu Jian
Xom
Yredelemnul
Zin
The Shining One
Jiyva
Lugonu

Shops:
D :

Annotations:
D Donald, Frances


Innate Abilities, Weirdness & Mutations

You have a pair of horns on your head.
You reflexively headbutt those who attack you in melee.
You have supernaturally acute eyesight. (SInv)
Your body sometimes deteriorates upon taking damage.
Your muscles are strong. (Str +4, Int/Dex -1)
You have hidden genetic potential.
You expend magic power (3 MP) to strengthen your wands.


Message History

Donald seems to grow stronger.
You sock Donald! Your headbutt misses Donald.
Donald is lightly wounded.
You feel sick.
Frances whispers indecipherable words.
Donald hits you with a +1 war axe of holy wrath!!
The rust devil hits you. The rust devil corrodes you!
The orange demon stings you from afar!
You are more poisoned.
The orange demon poisons you! Donald attacks as you move away!
Donald hits you with a +1 war axe of holy wrath!!!
* * * LOW HITPOINT WARNING * * *
x2 You feel extremely sick.
The rust devil disappears in a puff of smoke!
Frances screams a word of power!
Frances seems to speed up.
Donald barely misses you. You furiously retaliate!
You headbutt Donald, but do no damage.
You feel better.
Donald fails to trigger a net trap.
Okay, then.
Donald barely misses you. You furiously retaliate!
You headbutt Donald. You block Donald's attack.
You stomp with the beat, sending a shockwave through the revellers around you!
Donald is moderately wounded.
You can no longer stomp with the beat.
Frances fails to trigger a net trap.
The ynoxinul gestures. x2
Frances misses you. You furiously retaliate!
You headbutt Frances.
Donald mumbles some strange words.
Donald seems to speed up.
The orange demon closely misses you.
The ynoxinul gestures.
You can now stomp with the beat.
Frances attacks as you move away! Frances completely misses you.
Frances hits you with a +2 war axe of holy wrath!
* * * LOW HITPOINT WARNING * * *
You block Donald's attack.
The orange demon fails to trigger a net trap.
The ynoxinul gestures.
Frances hits you with a +2 war axe of holy wrath!
You die...

.##.∩#...##.'...#
..###############
'#####################
....#.#)#.....#......+
#.#..#.##)###.#......#
##.#.#.##.#.)##.^....#
.).#..#..##..'...^...#
▓▓▓▓▓▓▓▓▓▓▓▓▓#.....^^#
...f~~f...#^^@....#
≈≈≈≈≈≈♣♣P.'.@@..^.#
♣♣♣♣♣ ♣PP#.^4...^#
♣♣♣##3###### #53.+
#555# #5.5# #####


You could see Frances (fast), Donald (fast, strong, reflecting), an orange demon
(summoned), 2 ynoxinuls and 4 ufetubi.

Vanquished Creatures
  Erolcha (D)
  3 orc high priests (D)
  2 deep elf zephyrmancers (D)
  4 deep elf pyromancers (D)
  A shadow (D)
  2 redbacks (D)
  A spatial vortex (D)
  3 orc warriors (D)
  5 two-headed ogres (D)
  A water elemental (D)
  A necrophage (D)
  A jelly (D)
  Crazy Yiuf (D)
  An orc priest (D)
  Jessica (D)
  A wizard (D)
  A necromancer (D)
  4 orc wizards (D)
  A kobold demonologist (D)
  3 humans (D)
  7 orcs (D)
  An endoplasm (D)
  A rat (D)
47 creatures vanquished.

Notes
Turn   | Place    | Note
-------+----------+-------------------------------------------
     0 | D        | NinjaNoafa the Minotaur Fighter began the quest for the
                  | Orb.
     0 | D        | Reached XP level 1. HP: 19/19 MP: 0/0
    16 | D        | Noticed Jessica
    18 | D        | Killed Jessica
    19 | D        | Reached skill level 5 in Fighting
    19 | D        | Reached skill level 5 in Maces & Flails
    19 | D        | Reached skill level 5 in Armour
    19 | D        | Reached XP level 2. HP: 29/29 MP: 1/1
    50 | D        | Reached XP level 3. HP: 21/36 MP: 2/2
   107 | D        | Noticed Crazy Yiuf
   113 | D        | Killed Crazy Yiuf
   114 | D        | Reached XP level 4. HP: 30/42 MP: 3/3
   189 | D        | Noticed a water elemental
   196 | D        | Killed a water elemental
   197 | D        | Reached skill level 5 in Shields
   197 | D        | Reached skill level 1 in Dodging
   272 | D        | Gained mutation: You have supernaturally acute eyesight.
                  | (SInv) [potion of mutation]
   283 | D        | Lost mutation: You have supernaturally acute eyesight.
                  | (SInv) [potion of mutation]
   283 | D        | Gained mutation: Your magical capacity is low. (-10% MP)
                  | [potion of mutation]
   283 | D        | Gained mutation: You passively dampen the noise of your
                  | surroundings. [potion of mutation]
   283 | D        | Gained mutation: Your muscles are strong. (Str +4, Int/Dex
                  | -1) [potion of mutation]
   291 | D        | Found a glowing silver altar of Zin.
   291 | D        | Found a glowing golden altar of the Shining One.
   291 | D        | Found a white marble altar of Elyvilon.
   292 | D        | Noticed a deep elf pyromancer
   299 | D        | Noticed a fire elemental
   302 | D        | Noticed a fire elemental
   303 | D        | Noticed a fire elemental
   304 | D        | Killed a deep elf pyromancer
   305 | D        | Reached XP level 5. HP: 9/52 MP: 3/3
   305 | D        | Reached XP level 6. HP: 10/60 MP: 4/4
   473 | D        | Found a hide-covered altar of Uskayaw.
   473 | D        | Found an iron altar of Okawaru.
   473 | D        | Found a bloodstained altar of Trog.
   473 | D        | Found an ornate altar of the Wu Jian Council.
   473 | D        | Noticed a human
   473 | D        | Noticed a human
   489 | D        | Killed a human
   490 | D        | Reached XP level 7. HP: 53/66 MP: 5/5
   490 | D        | Killed a human
   495 | D        | Became a worshipper of Uskayaw the Reveller
   579 | D        | Found a basalt altar of Yredelemnul.
   579 | D        | Found a shadowy altar of Dithmenos.
   579 | D        | Found a sacrificial altar of Ru.
   584 | D        | Reached * piety under Uskayaw
   587 | D        | Reached ** piety under Uskayaw
   588 | D        | Reached skill level 15 in Dodging
   607 | D        | Noticed a shadow
   613 | D        | Reached *** piety under Uskayaw
   615 | D        | Reached **** piety under Uskayaw
   617 | D        | Killed a shadow
   618 | D        | Reached XP level 8. HP: 19/73 MP: 6/6
   801 | D        | HP: 3/73 [two-headed ogre/+0 giant spiked club (25)]
   803 | D        | Reached skill level 1 in Invocations
  1049 | D        | Found a blossoming altar of Fedhas.
  1049 | D        | Found a stormy altar of Qazlal.
  1049 | D        | Found a snail-covered altar of Cheibriados.
  1049 | D        | Found a burning altar of Makhleb.
  1049 | D        | Found a shimmering altar of Xom.
  1050 | D        | Found a hazy altar of Hepliaklqana.
  1050 | D        | Found an opulent altar of Gozag.
  1050 | D        | Found a sparkling altar of Nemelex Xobeh.
  1050 | D        | Found a corrupted altar of Lugonu.
  1050 | D        | Found a viscous altar of Jiyva.
  1086 | D        | Reached skill level 10 in Maces & Flails
  1113 | D        | Noticed a two-headed ogre
  1123 | D        | Killed a two-headed ogre
  1223 | D        | Noticed Erolcha
  1223 | D        | Noticed a two-headed ogre
  1231 | D        | Killed Erolcha
  1232 | D        | Reached XP level 9. HP: 27/83 MP: 8/10
  1239 | D        | Killed a two-headed ogre
  1239 | D        | Reached ***** piety under Uskayaw
  1240 | D        | Reached skill level 5 in Invocations
  1443 | D        | Reached skill level 10 in Fighting
  1477 | D        | Found a radiant altar of Vehumet.
  1477 | D        | Found a shimmering blue altar of Sif Muna.
  1477 | D        | Found an ancient bone altar of Kikubaaqudgha.
  1516 | D        | Noticed an orc high priest
  1516 | D        | Noticed an orc high priest
  1517 | D        | Lost mutation: Your muscles are strong. (Str +4, Int/Dex
                  | -1) [potion of mutation]
  1517 | D        | Lost mutation: You passively dampen the noise of your
                  | surroundings. [potion of mutation]
  1517 | D        | Lost mutation: Your magical capacity is low. (-10% MP)
                  | [potion of mutation]
  1517 | D        | Gained mutation: Potions are less effective at restoring
                  | your health. [potion of mutation]
  1517 | D        | Gained mutation: Armour fits poorly on your strangely
                  | shaped body. [potion of mutation]
  1517 | D        | Gained mutation: Your spells are a little harder to cast,
                  | but a little more powerful. [potion of mutation]
  1517 | D        | Gained mutation: Your skin changes colour to match your
                  | surroundings (Stealth+). [potion of mutation]
  1517 | D        | Noticed an orc high priest
  1518 | D        | Lost mutation: Your skin changes colour to match your
                  | surroundings (Stealth+). [potion of mutation]
  1518 | D        | Lost mutation: Armour fits poorly on your strangely shaped
                  | body. [potion of mutation]
  1518 | D        | Gained mutation: Your body sometimes deteriorates upon
                  | taking damage. [potion of mutation]
  1518 | D        | Gained mutation: Your flesh is cold resistant. (rC+)
                  | [potion of mutation]
  1518 | D        | Gained mutation: You have sharp toenails. [potion of
                  | mutation]
  1519 | D        | Lost mutation: Your flesh is cold resistant. (rC+) [potion
                  | of mutation]
  1519 | D        | Lost mutation: You have sharp toenails. [potion of
                  | mutation]
  1519 | D        | Lost mutation: Potions are less effective at restoring your
                  | health. [potion of mutation]
  1519 | D        | Gained mutation: You have large cloven feet. [potion of
                  | mutation]
  1519 | D        | Lost mutation: Your spells are a little harder to cast, but
                  | a little more powerful. [potion of mutation]
  1519 | D        | Gained mutation: Your mind is acute. (Int +4, Str/Dex -1)
                  | [potion of mutation]
  1520 | D        | Lost mutation: You have large cloven feet. [potion of
                  | mutation]
  1520 | D        | Lost mutation: Your mind is acute. (Int +4, Str/Dex -1)
                  | [potion of mutation]
  1520 | D        | Gained mutation: You have supernaturally acute eyesight.
                  | (SInv) [potion of mutation]
  1520 | D        | Gained mutation: You have hidden genetic potential. [potion
                  | of mutation]
  1520 | D        | Gained mutation: You expend magic power (3 MP) to
                  | strengthen your wands. [potion of mutation]
  1525 | D        | Noticed a hellwing
  1525 | D        | Noticed a red devil
  1526 | D        | Killed an orc high priest
  1531 | D        | Killed an orc high priest
  1532 | D        | Reached skill level 15 in Maces & Flails
  1532 | D        | Reached XP level 10. HP: 67/97 MP: 12/14
  1533 | D        | Killed an orc high priest
  1539 | D        | Found Gaimouly's Book Shoppe.
  1546 | D        | Gained mutation: Your muscles are strong. (Str +4, Int/Dex
                  | -1) [hidden potential]
  1694 | D        | Noticed a deep elf pyromancer
  1694 | D        | Noticed a deep elf pyromancer
  1694 | D        | Noticed a deep elf pyromancer
  1694 | D        | Noticed a deep elf zephyrmancer
  1694 | D        | Noticed a deep elf zephyrmancer
  1718 | D        | Killed a deep elf zephyrmancer
  1720 | D        | Killed a deep elf pyromancer
  1721 | D        | Reached skill level 10 in Invocations
  1735 | D        | Killed a deep elf pyromancer
  1740 | D        | Killed a deep elf zephyrmancer
  1746 | D        | Killed a deep elf pyromancer
  1977 | D        | Noticed Frances
  1978 | D        | Noticed Donald
  1980 | D        | Noticed an orange demon
  1980 | D        | Noticed a rust devil
  1985 | D        | Slain by Frances

Illustrated notes

Levels and vault maps discovered:
D:        dungeon_sprint_mu [sprint_mu_entry_forest, sprint_mu_temple_rooms,
          sprint_mu_d1_spiders, sprint_mu_d2_genie, sprint_mu_d3_branching,
          sprint_mu_orc_legion, sprint_mu_elf_gauntlet, sprint_mu_hive_nellie,
          sprint_mu_lair_fedhas, sprint_mu_vaults_butterflies,
          sprint_mu_slime_circle, sprint_mu_shoals_archi,
          sprint_mu_snake_twists, sprint_mu_blade_basic,
          sprint_mu_crypt_chambers, sprint_mu_tomb_spiral,
          sprint_mu_vestibule_basic, sprint_mu_gehenna_hellfire,
          sprint_mu_dis_giant, sprint_mu_tartarus_statrot,
          sprint_mu_cocytus_islands, sprint_mu_zot1]

Skill      XL: |  1  2  3  4  5  6  7  8  9 10 |
---------------+-------------------------------+-----
Fighting       | 5 7 9 11 13 | 13.1
Maces & Flails | 5 7 8 9 12 15 | 15.0
Armour         | 5 7 9 |  9.0
Shields        | 5 |  5.0
Dodging        | 12 13 15 | 15.8
Invocations    | 4 7 13 | 13.0

Action                   |  1- 3 |  4- 6 |  7- 9 | 10-12 || total
-------------------------+-------+-------+-------+-------++-------
Melee: Flail             |    18 |    25 |    86 |    30 ||   159
       Headbutt          |     5 |     3 |    16 |     3 ||    27
Throw: Throwing net      |       |       |       |     1 ||     1
Invok: Stomp             |       |       |     1 |     1 ||     2
Evoke: Condenser vane    |       |       |     1 |     1 ||     2
  Use: Potion            |       |     5 |     6 |     2 ||    13
 Stab: Paralysed         |       |       |     6 |     2 ||     8
Armor: Scale mail        |     2 |     4 |     9 |     9 ||    24
Dodge: Dodged            |    12 |     9 |    61 |    15 ||    97
Block: Buckler           |     3 |    12 |    14 |     6 ||    35

Table legend: (Time is in decaauts)
 A = Elapsed time spent in this place.
 B = Non-inter-level travel time spent in this place.
 C = Inter-level travel time spent in this place.
 D = Time resting spent in this place.
 E = Time spent auto-exploring this place.
 F = Levels seen in this place.
 G = Mean time per level.
                   A        B        C        D        E       F      G
               +--------+--------+--------+--------+--------+-----+--------+
         Total |   1966 |   1935 |     31 |      1 |   1572 |   1 | 1966.0 |
       Dungeon |   1966 |   1935 |     31 |      1 |   1572 |   1 | 1966.0 |
               +--------+--------+--------+--------+--------+-----+--------+

Top non-repeatable levels by time:
       D: 1966 daAuts
